 Dungeon Crawl Stone Soup version 0.30.1-3-gfc49f6343a (webtiles) character file.

Game seed: 17106086643717922223

2194 booth the Magician (level 9, -1/66 HPs)
             Began as a Djinni Fire Elementalist on July 29, 2023.
             Was an Initiate of Ashenzari.
             Slain by a yak (8 damage)
             ... on level 6 of the Dungeon.
             The game lasted 00:41:55 (6474 turns).

booth the Magician (Djinni Fire Elementalist)       Turns: 6474, Time: 00:41:56

Health: -1/66      AC:  9    Str: 16    XL:     9   Next: 59%
Gold:   283        EV: 15    Int: 19    God:    Ashenzari [......] SH:  0 Dex: 14

rFire   + + .        k - +2 quick blade (drain)
rCold   x . .        (no shield)
rNeg    . . .        r - +3 leather armour "Tenefaz" {rElec rPois Will- Str+7}
rPois   ∞            (no helmet)
rElec   +            j - +2 cloak "Ruined Gnosis" {Cun, Melee} (curse)
rCorr   .            (no gloves)
SInv    .            (boots unavailable)
Will    .....        (no amulet)
Stlth   +++          (no ring)
HPRegen 0.31/turn    (no ring)
MPRegen 0.00/turn

%: infuse magic (-2 HP)
@: flying, hasted, very quick
A: sickness immunity, fire resistance 2, cold vulnerability 1, float, innate
caster, HP casting, extra vitality 1
a: Renounce Religion, Shatter the Chains


You were on level 6 of the Dungeon.
You worshipped Ashenzari.
Ashenzari was noncommittal.
You visited 2 branches of the dungeon, and saw 7 of its levels.
You also visited: Sewer.

You collected 332 gold pieces.
You spent 49 gold pieces at shops.

Inventory:

Hand Weapons
 e - a +2 vampiric short sword
 h - a +2 dagger of venom
 i - the +3 short sword of the Head {freeze, rC+ Dex+4 Stlth+}
   (You found it on level 5 of the Dungeon)

   Dex:       It affects your dexterity (+4).
   rC:        It protects you from cold.
   Stlth:     It makes you more stealthy.
 k - a +2 quick blade of draining (weapon)
 s - the +4 scimitar of Vegeikom {freeze, rC+ Str+6}
   (You found it on level 5 of the Dungeon)

   Str:       It affects your strength (+6).
   rC:        It protects you from cold.
Missiles
 v - 4 poisoned darts (quivered)
Armour
 j - the cursed +2 cloak "Ruined Gnosis" (worn) {Cun, Melee}
   (You bought it in a shop on level 3 of the Dungeon)

   It has a curse which improves the following skills: Cunning: Dodging and
   Stealth.
   Melee Combat: Short Blades, Long Blades, Axes, Maces & Flails, Polearms,
   Staves and Unarmed Combat.
 r - the +3 leather armour "Tenefaz" (worn) {rElec rPois Will- Str+7}
   (You found it on level 2 of the Dungeon)

   Str:       It affects your strength (+7).
   rElec:     It insulates you from electricity.
   rPois:     It protects you from poison.
   Will:      It decreases your willpower.
Wands
 n - a wand of roots (24)
Scrolls
 b - 2 scrolls of teleportation
 f - 4 scrolls of blinking
 g - 2 scrolls of magic mapping
 o - a scroll of fear
 q - 3 scrolls of immolation
Potions
 c - a potion of attraction
 d - a potion of curing
 l - a potion of heal wounds
 m - a potion of brilliance
 p - a potion of haste
 u - 3 potions of cancellation
 x - a potion of invisibility
 B - a potion of might


   Skills:
 + Level 6.2 Fighting
 - Level 4.1 Throwing
 + Level 7.4(7.9) Dodging
 + Level 6.2(6.6) Stealth
 * Level 7.5 Spellcasting


You knew the following spells:

 Your Spells              Type           Power      Damage    Failure   Level
a - Foxfire               Conj/Fire      100%       2x1d9     1%          1
b - Scorch                Fire           72%        2d8       1%          2
c - Volatile Blastmotes   Fire/Tloc      72%        2d16      1%          3
d - Inner Flame           Hex/Fire       36%        N/A       1%          3
e - Flame Wave            Conj/Fire      36%        2d10      5%          4
f - Slow                  Hex            100%       N/A       1%          1
g - Static Discharge      Conj/Air       72%        2-5/arc   1%          2
h - Poisonous Vapours     Pois/Air       72%        N/A       1%          2
i - Teleport Other        Tloc           36%        N/A       1%          3
Your spell library was empty.

Dungeon Overview and Level Annotations

Branches:
Dungeon (6/15)             Temple (1/1) D:5           Sewer (visited)

Altars:
Ashenzari
Cheibriados
Fedhas
Hepliaklqana
Okawaru
Ru
Wu Jian
Xom
Zin

Shops:
D:2 [   D:3 [


Innate Abilities, Weirdness & Mutations

You are immune to sickness and miasma.
You are immune to poison.
Your flesh is very heat resistant. (rF++)
You are vulnerable to cold. (rC-)
You float through the air rather than walking.
You learn spells naturally, not from books.
Your magical power is your life essence.
You have superior vitality. (+4 MHP)


Message History

Confirm with . or Enter, or press ? or * to list all spells.
The yak is struck by an arc of lightning.
The yak is lightly wounded.
You resist.
You are struck by an arc of lightning.
* * * LOW HITPOINT WARNING * * *
The yak is struck by an arc of lightning.
The yak is moderately wounded.
The lightning grounds out.
The yak is struck by an arc of lightning.
The yak is moderately wounded.
The yak is struck by an arc of lightning.
The yak is severely wounded.
Something is struck by an arc of lightning.
The lightning grounds out.
* * * LOW HITPOINT WARNING * * *
The yak is no longer more vulnerable to fire.
The yak gores you.
* * * LOW HITPOINT WARNING * * *
The yak completely misses you.
You feel yourself speed up. The yak barely misses you.
The yak completely misses you.
Casting: Static Discharge (safe; 1% risk of failure)
Confirm with . or Enter, or press ? or * to list all spells.
The yak is struck by an arc of lightning.
The yak is heavily wounded.
The yak is struck by an arc of lightning.
The yak is severely wounded.
Something is struck by an arc of lightning.
The lightning grounds out.
The yak is struck by an arc of lightning!
The yak is heavily wounded.
The yak is struck by an arc of lightning.
The yak is almost dead.
Something is struck by an arc of lightning!
The yak is struck by an arc of lightning.
The yak is moderately wounded.
The lightning grounds out.
* * * LOW HITPOINT WARNING * * *
The yak gores you!
You die...

##.. ###... ###..# ##....#
##..... ###.....# .......##
####........ ........#
###........... ........#
####.............
........####....#####.......
.........#Y@..### ##......
..(.....YYY#### ##.....
#........### ##....
#.....<.## ##... ........#
##... .......## ##....
.##...# #..... #### #.....
##....


You could see 4 yaks.

Vanquished Creatures
  Duvessa (D:4)
  2 black bears
  A phantom (D:5)
  A kobold brigand (Sewer)
  A scorpion (D:5)
  Dowan (D:4)
  A hound (D:5)
  2 orc priests
  5 iguanas
  Natasha (thrice) (D:4)
  13 adders
  5 river rats
  3 ufetubi (D:5)
  A worm (D:4)
  12 orcs
  14 ball pythons
  3 bats
  6 endoplasms
  9 giant cockroaches
  12 goblins
  8 hobgoblins
  6 jackals (Sewer)
  12 kobolds
  3 quokkas
  9 frilled lizards
  9 rats
143 creatures vanquished.

Vanquished Creatures (others)
  283 foxfires
283 creatures vanquished.

Grand Total: 426 creatures vanquished

Notes
Turn   | Place    | Note
-------+----------+-------------------------------------------
     0 | D:1      | booth the Djinni Fire Elementalist began the quest for the
                  | Orb.
     0 | D:1      | booth set off with the following spells memorised: Foxfire,
                  | Scorch, Volatile Blastmotes, Inner Flame, Flame Wave.
     0 | D:1      | Reached XP level 1. HP: 15/15 MP: 0/0
   223 | D:1      | Reached XP level 2. HP: 21/21 MP: 0/0
   711 | D:1      | Reached XP level 3. HP: 24/26 MP: 0/0
   711 | D:1      | Learned a level 1 spell: Slow
  1293 | D:2      | Found Ymianath's Armour Emporium.
  1496 | D:2      | Reached XP level 4. HP: 30/31 MP: 0/0
  1519 | D:2      | Identified the +3 leather armour "Tenefaz" {rElec rPois
                  | Will- Str+7}
  1629 | D:2      | Reached skill level 1 in Fighting
  2183 | D:3      | Found a hazy altar of Hepliaklqana.
  2368 | D:3      | Reached XP level 5. HP: 8/37 MP: 0/0
  2368 | D:3      | Learned a level 2 spell: Static Discharge
  2605 | D:3      | Found Ulomytz's Armour Shop.
  2614 | D:3      | Bought a +0 cloak for 49 gold pieces
  3050 | D:4      | Found a glowing silver altar of Zin.
  3050 | D:4      | Noticed an angel
  3053 | D:4      | Found a shimmering altar of Xom.
  3064 | D:4      | Noticed a black bear
  3076 | D:4      | Killed a black bear
  3077 | D:4      | Reached XP level 6. HP: 26/43 MP: 0/0
  3379 | D:4      | Noticed Dowan
  3384 | D:4      | Killed Dowan
  3384 | D:4      | Noticed Duvessa
  3390 | D:4      | Killed Duvessa
  3391 | D:4      | Reached XP level 7. HP: 8/49 MP: 0/0
  3391 | D:4      | Learned a level 2 spell: Poisonous Vapours
  3604 | D:4      | Found a glowing drain.
  3608 | Sewer    | Entered a sewer
  4308 | D:4      | Noticed Natasha
  4378 | D:4      | Killed Natasha
  4616 | D:4      | Noticed Natasha
  4623 | D:4      | Killed Natasha
  4624 | D:4      | Reached XP level 8. HP: 53/56 MP: 0/0
  4789 | D:4      | Noticed Natasha
  4804 | D:4      | Killed Natasha
  4945 | D:4      | Identified a scroll of acquirement
  4945 | D:4      | Acquired a +2 quick blade of draining
  5062 | D:5      | Entered Level 5 of the Dungeon
  5107 | D:5      | Found an ornate altar of the Wu Jian Council.
  5155 | D:5      | Found a staircase to the Ecumenical Temple.
  5165 | Temple   | Entered the Ecumenical Temple
  5184 | Temple   | Became a worshipper of Ashenzari the Shackled
  5348 | D:5      | Identified the +3 short sword of the Head {freeze, rC+
                  | Dex+4 Stlth+}
  5388 | D:5      | Reached skill level 5 in Spellcasting
  5389 | D:5      | Reached skill level 5 in Dodging
  5866 | D:5      | Identified the +4 scimitar of Vegeikom {freeze, rC+ Str+6}
  6184 | D:5      | Reached XP level 9. HP: 66/66 MP: 0/0
  6184 | D:5      | Learned a level 3 spell: Teleport Other
  6474 | D:6      | Slain by a yak

Illustrated notes

Levels and vault maps discovered:
D:1:      dpeg_arrival_morbid_curiosity, layout_loops_ring,
          chequers_serial_rivers_small_3, minmay_large_rounded_square
D:2:      minmay_angry_zag, layout_loops_corners, serial_shops,
          nicolae_shop_stone, nrook_mini_vaults
D:3:      layout_loops_cross, worldfamousw_hep_ancestral_shrine, serial_shops,
          shop, grunt_decor_one_mirror
D:4:      layout_loops_corners, grunt_temple_overflow_order_and_chaos_1,
          gup_sewer_entry_spiral, enter_ossuary_5, uniq_natasha, uniq_duvessa
D:5:      layout_basic, lemuel_crystal_altar, temple_statues
D:6:      layout_cave_pods, feat_on_display
Temple:   hellmonk_temple_two_chambers

Skill      XL: |  1  2  3  4  5  6  7  8 |
---------------+-------------------------+-----
Stealth        | 2 3 6 |  6.2
Fighting       | 1 2 3 6 |  6.2
Spellcasting   | 3 4 7 |  7.5
Dodging        | 3 4 7 |  7.4
Throwing       | 4 |  4.1

Action                     |  1- 3 |  4- 6 |  7- 9 || total
---------------------------+-------+-------+-------++-------
  Melee: Unarmed           |     3 |       |       ||     3
         Short sword       |    16 |    19 |       ||    35
         Dagger            |       |    23 |    42 ||    65
         Punch             |       |       |     1 ||     1
         Quick blade       |       |       |    17 ||    17
  Throw: Dart              |       |       |     2 ||     2
   Cast: Foxfire           |    39 |    50 |    77 ||   166
         Scorch            |     1 |    12 |    29 ||    42
         Poisonous Vapours |       |       |     1 ||     1
         Static Discharge  |       |       |     2 ||     2
 Invoke: Curse Item        |       |       |     1 ||     1
    Use: Scroll            |     4 |     4 |     6 ||    14
         Potion            |     1 |     2 |     7 ||    10
   Stab: Sleeping          |     2 |       |       ||     2
 Armour: Robe              |     3 |     8 |    11 ||    22
         Leather armour    |       |       |     2 ||     2
  Dodge: Dodged            |     8 |    28 |    38 ||    74
